Map: Neon Violet Square LE

Players

Scarlett - Winner!

  • Race: Zerg Zerg
  • Spawn Location: 5:00

sOs

  • Race: Protoss Protoss
  • Spawn Location: 11:00

VOD

Have the link to the VOD?

Description

Time

  • Played on: Feb. 6, 2018, 11:34 p.m.
  • Length: 11:51
Show
View Real Time Build Order
Export as new Build Order

Scarlett Zerg - Winner!

Build Orders: Hatch First, Lurkers 

Get SALT Encoding   

  12  0:00  Drone  
  13  0:12  Overlord  
  13  0:17  Drone  
  14  0:31  Drone x2  
  14  0:35  Drone  
  17  0:52  Hatchery  
  17  0:54  Drone  
  17  0:58  Drone  
  18  1:09  Extractor  
  17  1:13  Spawning Pool  
  17  1:17  Drone  
  17  1:20  Drone  
  18  1:30  Drone  
  19  1:38  Drone  
  20  1:49  Overlord  
  20  2:00  Queen  
  22  2:04  Queen  
  22  2:05  Zergling x2  
  22  2:06  Zergling x2  
  26  2:09  Metabolic Boost  
  26  2:16  Drone x2  
  28  2:23  Drone  
  28  2:27  Drone  
  30  2:33  Drone  
  31  2:40  Drone  
  32  2:44  Hatchery  
  32  2:49  Queen  
  33  2:55  Overlord  
  33  2:57  Drone  
  34  3:00  Drone  
  34  3:05  Drone  
  36  3:12  Overlord  
  36  3:14  Drone x4  
  40  3:21  Queen  
  40  3:25  Drone  
  40  3:26  Drone  
  44  3:30  Spore Crawler  
  44  3:32  Drone x2  
  45  3:39  Drone  
  45  3:40  Drone  
  45  3:41  Drone x2  
  49  3:44  Overlord  
  49  3:46  Drone  
  50  3:50  Drone x2  
  50  3:52  Evolution Chamber  
  50  3:54  Extractor  
  50  4:00  Baneling Nest  
  50  4:02  Queen  
  49  4:06  Drone x2  
  53  4:12  Drone x2  
  53  4:14  Drone x2  
  53  4:15  Spore Crawler  
  56  4:18  Drone x2  
  56  4:26  Drone x2  
  56  4:27  Zerg Melee Weapons Level 1  
  58  4:33  Overlord x2  
  58  4:37  Overlord  
  58  4:51  Lair  
  58  4:52  Zergling x6  
  61  4:53  Zergling x6  
  61  4:54  Baneling x2  
  61  4:59  Drone x7  
  71  5:10  Baneling x3  
  71  5:11  Overlord, Baneling x3  
  71  5:12  Drone x4  
  71  5:14  Extractor  
  74  5:15  Extractor  
  74  5:17  Zergling x6  
  74  5:19  Baneling x2  
  74  5:20  Zergling x2  
  76  5:21  Zergling x2  
  77  5:29  Overlord x2, Drone  
  77  5:30  Overlord  
  78  5:45  Drone x6  
  78  5:47  Drone  
  78  5:48  Drone x3  
  88  5:50  Hatchery  
  88  5:53  Hydralisk Den  
  88  5:55  Pneumatized Carapace, Extractor  
  85  6:09  Zergling x4  
  85  6:10  Zergling x2  
  85  6:11  Drone x7  
  89  6:14  Extractor  
  94  6:18  Overlord  
  94  6:19  Overlord  
  94  6:23  Zerg Missile Weapons Level 1, Grooved Spines  
  94  6:24  Hydralisk x3  
  100  6:28  Hydralisk  
  100  6:29  Hydralisk  
  102  6:40  Drone x2  
  102  6:45  Lurker Den  
  102  6:46  Drone  
  102  6:47  Drone  
  105  6:50  Drone  
  105  6:51  Drone x7  
  112  6:59  Extractor x2  
  112  7:00  Overseer  
  110  7:02  Overseer  
  110  7:06  Drone x4  
  110  7:07  Drone x2  
  110  7:08  Hatchery  
  115  7:12  Hydralisk x3  
  121  7:18  Hydralisk x2  
  125  7:32  Drone x2  
  125  7:33  Drone x3  
  125  7:34  Muscular Augments  
  126  7:41  Hydralisk  
  126  7:43  Hydralisk x4  
  135  8:04  Overlord x6  
  135  8:09  Hydralisk  
  135  8:24  Spine Crawler  
  134  8:29  Lurker x3  
  134  8:30  Lurker x3  
  134  8:31  Lurker x3  
  142  8:35  Hydralisk x10  
  142  8:37  Zerg Missile Weapons Level 2  
  162  8:41  Hydralisk  
  162  8:42  Zergling x4  
  162  8:43  Zergling x20  
  162  8:46  Extractor  
  162  8:47  Extractor  
  174  8:52  Hydralisk  
  174  8:53  Hydralisk x2  
  174  8:55  Infestation Pit  
  179  9:00  Overlord x2  
  175  9:03  Hydralisk  
  175  9:04  Hydralisk x4  
  185  9:16  Hydralisk  
  187  9:17  Overlord x2  
  185  9:34  Hydralisk x11  
  181  9:53  Hydralisk  
  181  9:54  Zergling x2, Hydralisk x4  
  181  9:55  Zergling x10  
  182  10:02  Drone x7  
  182  10:03  Drone  
  177  10:09  Hydralisk x6  
  189  10:18  Lurker  
  189  10:19  Lurker x3  
  176  10:22  Zergling x2  
  176  10:23  Zergling x8  
  181  10:29  Zergling x10  
  181  10:51  Lurker  
  181  10:52  Lurker x3  
  181  10:54  Hydralisk x3  
  181  10:55  Hatchery  
  174  11:18  Hydralisk x5  
  164  11:19  Zergling x8  
  176  11:30  Zergling x6  
  176  11:31  Zergling x8  
Show
View Real Time Build Order
Export as new Build Order

sOs Protoss 

Build Orders: 1 Gate Expand, Oracle Opening, Phoenix Opening, Archon Immortal 

Get SALT Encoding   

  12  0:00  Probe  
  13  0:12  Probe  
  14  0:21  Pylon  
  14  0:24  Probe  
  15  0:39  Probe (Chrono Boost)  
  16  0:44  Gateway  
  16  0:48  Probe (Chrono Boost)  
  16  0:49  Assimilator  
  17  0:53  Probe (Chrono Boost)  
  18  1:05  Probe  
  19  1:17  Probe  
  20  1:26  Nexus  
  20  1:37  Cybernetics Core  
  20  1:39  Probe  
  21  1:46  Assimilator  
  21  1:51  Probe  
  22  1:55  Pylon  
  22  2:03  Probe  
  23  2:11  Adept (Chrono Boost)  
  23  2:15  Probe  
  26  2:20  Stargate  
  26  2:27  Probe  
  26  2:28  Warp Gate  
  27  2:32  Adept  
  29  2:40  Probe (Chrono Boost)  
  29  2:43  Probe (Chrono Boost)  
  32  2:52  Probe (Chrono Boost)  
  32  2:55  Probe (Chrono Boost)  
  32  2:56  Probe (Chrono Boost)  
  34  3:02  Phoenix (Chrono Boost)  
  34  3:04  Probe  
  37  3:07  Probe  
  38  3:16  Gateway, Probe  
  39  3:20  Gateway  
  39  3:23  Oracle (Chrono Boost)  
  42  3:28  Probe  
  43  3:35  Pylon, Probe  
  44  3:42  Twilight Council  
  44  3:43  Probe  
  45  3:51  Probe  
  45  3:52  Pylon  
  45  3:55  Probe  
  47  4:06  Probe  
  47  4:07  Probe  
  47  4:08  Pylon  
  49  4:11  Resonating Glaives (Chrono Boost)  
  49  4:14  Adept  
  49  4:15  Adept x2  
  55  4:28  Probe x2  
  57  4:31  Nexus  
  57  4:37  Assimilator  
  57  4:47  Probe x2  
  57  4:50  Adept x3  
  57  4:52  Assimilator  
  65  4:55  Pylon  
  65  4:59  Pylon  
  65  5:03  Probe x2  
  67  5:16  Adept x3  
  73  5:23  Robotics Facility  
  73  5:24  Robotics Facility  
  73  5:25  Forge  
  73  5:30  Probe x2  
  75  5:39  Protoss Ground Weapons Level 1 (Chrono Boost)  
  75  5:45  Probe  
  75  5:46  Probe x2  
  78  5:58  Probe x3  
  81  6:07  Warp Prism (Chrono Boost)  
  81  6:11  Blink, Robotics Bay  
  83  6:13  Probe  
  83  6:14  Probe  
  83  6:17  Assimilator  
  83  6:18  Assimilator, Sentry x2, Zealot  
  91  6:22  Gateway  
  91  6:24  Gateway  
  91  6:26  Gateway  
  91  6:41  Pylon  
  91  6:44  Observer (Chrono Boost)  
  91  6:46  Probe  
  93  6:47  Pylon  
  93  6:52  Photon Cannon  
  93  6:54  Pylon  
  93  7:01  Colossus (Chrono Boost)  
  93  7:04  Probe  
  100  7:10  Nexus  
  100  7:12  Extended Thermal Lance  
  100  7:13  Pylon  
  100  7:23  Forge  
  100  7:30  Pylon  
  100  7:38  Colossus (Chrono Boost), Observer  
  104  7:45  Protoss Ground Weapons Level 2 (Chrono Boost)  
  104  7:49  Photon Cannon  
  104  7:52  Robotics Facility  
  104  7:58  Templar Archives  
  104  7:59  Protoss Ground Armor Level 1 (Chrono Boost)  
  104  8:01  Stalker x2  
  104  8:02  Zealot  
  104  8:03  Zealot x2  
  104  8:04  Assimilator  
  114  8:08  Assimilator  
  114  8:12  Charge  
  114  8:19  Gateway  
  114  8:20  Gateway  
  114  8:21  Immortal (Chrono Boost)  
  118  8:29  Photon Cannon, Pylon  
  118  8:33  Probe  
  118  8:34  Probe x3  
  122  8:52  Immortal  
  122  8:54  High Templar x3  
  122  8:55  Immortal, High Templar  
  138  8:57  Photon Cannon  
  138  9:00  Archon x2  
  138  9:20  Probe  
  139  9:24  Photon Cannon  
  139  9:27  Zealot, Pylon  
  139  9:28  Zealot x4  
  149  9:31  Immortal  
  149  9:38  Zealot x2  
  149  9:39  Zealot  
  149  9:42  Probe  
  146  10:01  Probe  
  146  10:04  Photon Cannon  
  137  10:11  Zealot x6  
  144  10:15  Probe  
  144  10:19  Immortal x2  
  147  10:22  Probe  
  142  10:29  Zealot  
  144  10:37  Probe  
  143  10:43  Probe  
  143  10:44  Probe  
  145  11:00  Zealot x7  
  161  11:09  Pylon  
  157  11:16  Observer (Chrono Boost), Probe  
  146  11:23  Zealot x2  
  144  11:26  Zealot x2  
  130  11:39  Zealot x3  
Tags
 
Add a new tag
Caveats
  • Supply blocks, unpowered buildings, or Contaminate may cause inaccurate times.
  • Supply counts are checked every 10 seconds.